Map: Lost and Found LE

Players

DnS - Winner!

  • Race: Protoss Protoss
  • Spawn Location: 1:00

Future

  • Race: Terran Terran
  • Spawn Location: 7:00

Event: WCS Montreal 2018

VOD

Have the link to the VOD?

Description

Time

  • Played on: Sept. 7, 2018, 12:58 p.m.
  • Length: 5:49

All games in this series

Show
View Real Time Build Order
Export as new Build Order

DnS Protoss - Winner!

Build Orders: Oracle Opening, Phoenix Opening 

Get SALT Encoding   

  12  0:00  Probe  
  13  0:12  Probe  
  14  0:17  Pylon  
  14  0:24  Probe  
  15  0:32  Probe  
  15  0:37  Gateway  
  15  0:40  Probe  
  16  0:45  Assimilator  
  17  0:51  Probe  
  18  1:03  Probe  
  19  1:15  Probe  
  20  1:21  Assimilator  
  20  1:22  Pylon  
  20  1:23  Zealot  
  22  1:26  Cybernetics Core  
  22  1:28  Probe  
  23  1:40  Probe  
  24  1:49  Pylon  
  24  1:53  Adept  
  24  1:54  Probe  
  25  2:06  Stargate, Probe  
  27  2:24  Warp Gate  
  27  2:25  Probe  
  28  2:37  Probe  
  28  2:43  Nexus, Oracle  
  28  2:55  Probe  
  32  3:07  Probe  
  33  3:20  Probe, Oracle  
  33  3:25  Gateway  
  37  3:32  Probe  
  37  3:34  Gateway  
  37  3:40  Pylon, Probe  
  39  3:52  Phoenix  
  39  3:53  Pylon  
  39  3:54  Probe  
  40  4:02  Probe  
  43  4:06  Probe  
  44  4:14  Probe  
  45  4:18  Pylon, Probe  
  45  4:21  Phoenix  
  48  4:26  Probe  
  48  4:28  Stalker  
  51  4:31  Stalker  
  51  4:36  Stalker  
  56  4:38  Probe  
  56  4:40  Probe  
  57  4:50  Phoenix, Probe  
  60  4:53  Probe  
  61  5:03  Probe  
  61  5:05  Probe  
  63  5:07  Nexus  
  63  5:14  Phoenix  
  63  5:20  Stalker  
  67  5:21  Stalker  
  67  5:25  Stalker  
  67  5:28  Pylon  
  66  5:44  Stalker x2  
Show
View Real Time Build Order
Export as new Build Order

Future Terran 

Build Orders: Cyclone Opening 

Get SALT Encoding   

  12  0:00  SCV  
  13  0:12  SCV  
  14  0:18  Supply Depot  
  14  0:25  SCV  
  15  0:40  SCV  
  15  0:41  Barracks  
  16  0:45  Refinery  
  16  0:52  SCV  
  16  0:55  Refinery  
  17  1:04  SCV  
  18  1:16  SCV  
  19  1:27  Reaper  
  19  1:28  Orbital Command  
  20  1:34  Supply Depot  
  20  1:49  Factory  
  20  1:54  SCV  
  21  2:00  Reaper  
  22  2:06  SCV  
  22  2:07  Supply Depot  
  23  2:18  SCV  
  24  2:30  SCV  
  24  2:33  Cyclone  
  24  2:35  Starport  
  28  2:42  SCV  
  29  2:54  SCV  
  30  3:07  Command Center  
  30  3:14  Cyclone  
  30  3:19  Medivac  
  35  3:26  Supply Depot  
  35  3:28  SCV  
  34  3:42  SCV  
  34  3:46  Cyclone  
  38  3:52  Viking  
  38  3:54  SCV  
  41  4:03  Barracks Reactor  
  41  4:06  SCV  
  41  4:07  Supply Depot  
  42  4:18  Cyclone  
  42  4:19  SCV  
  42  4:21  Orbital Command  
  46  4:25  Viking  
  46  4:31  SCV  
  49  4:41  Marine x2  
  49  4:43  SCV  
  52  4:48  Barracks  
  52  4:49  Barracks  
  52  4:50  Factory Tech Lab  
  52  4:51  SCV  
  53  4:55  SCV  
  53  4:58  Starport Tech Lab, Marine  
  53  4:59  Marine  
  56  5:03  SCV  
  57  5:07  SCV  
  57  5:13  Barracks  
  58  5:15  Engineering Bay, Barracks  
  58  5:18  Marine  
  58  5:19  Marine  
  58  5:24  Widow Mine  
  58  5:25  Starport Reactor  
  58  5:26  SCV  
  57  5:29  SCV  
Tags
 
Add a new tag
Caveats
  • Supply blocks, unpowered buildings, or Contaminate may cause inaccurate times.
  • Supply counts are checked every 10 seconds.